AoeStats
← BassAuthor12765

Coastal Forest

510938134Analyzed
2v2 RM · 9h ago on Oct 3, 2026· 16m 21s· 4 players
Game mode
Random Map
Map size
Medium (4 player)
Population
200
Speed
Normal
Resources
Standard
Victory
Conquest
Starting age
Dark Age
Ending age
Imperial Age
RankedLock teamsTeams togetherTeam positionsShared explorationLock speedFull tech treeHidden civsTurbo modeCheats
Victory
Defeat
🇦🇺 Armenians · Australia
1139
+16
🇦🇺 Khmer · Australia
1139
+16
🇪🇨 Spanish · Ecuador
1144
-16
🇮🇳 Tupi · India
1139
-43
reeree
8:35 Loom
11:07 Feudal Age
11:20 Man-at-Arms
11:46 Arson
12:35 Double-Bit Axe
12:37 Long Swordsman
13:25 Scale Mail Armor
13:50 Horse Collar
16:48 Forging
mc394
9:52 Feudal Age
BassAuthor12765
El_Warnersito
Connection lost

Rejoining the realm…

Still unreachable

The connection could not be restored.

Session expired

The server has moved on; the page needs a fresh start.